WCHLSIM.com - West Coast Hockey League
html PUBLIC "-//W3C//DTD XHTML 1.0 Transitional//EN" "http://www.w3.org/TR/xhtml1/DTD/xhtml1-transitional.dtd"> WCHL - Game 743 - SPOKANE KNIGHTS vs UTAH ICE BEARS

SPOKANE KNIGHTS vs UTAH ICE BEARS

Created - 3 mars 2021 at 20:29

Goals
1 2 3 T
SPOKANE KNIGHTS 0 2 3 5
UTAH ICE BEARS 0 0 0 0
Shots
1 2 3 T
SPOKANE KNIGHTS 10 16 14 40
UTAH ICE BEARS 2 3 4 9

1st period

No Goal

Penalties :
No Penalty

2nd period

1. SPOKANE KNIGHTS , Jordan Weal 4 (Nick Foligno 17, Valeri Nichushkin 16) at 8:23 (PP)
2. SPOKANE KNIGHTS , Blake Wheeler 37 (Valeri Nichushkin 17, Victor Hedman 24) at 8:49

Penalties :
Radim Simek (UTA) for Interference (Minor) at 3:04, Alexander Edler (UTA) for Interference (Minor) at 7:42

3rd period

3. SPOKANE KNIGHTS , Sebastian Aho 31 (Patrick Kane 33, Nick Foligno 18) at 1:49
4. SPOKANE KNIGHTS , Jared Spurgeon 5 (Victor Hedman 25, Jordan Weal 1) at 11:38
5. SPOKANE KNIGHTS , Sebastian Aho 32 (Patrick Kane 34, Cale Makar 20) at 16:23

Penalties :
Jared Spurgeon (SPO) for Hooking (Minor) at 9:20

Goalie Stats

Frederik Andersen (SPO), 9 saves from 9 shots - (1,000), W, 17-13-1, 60:00 minutes
Devan Dubnyk (UTA), 35 saves from 40 shots - (0,875), L, 6-18-2, 60:00 minutes

Players Stats for SPOKANE KNIGHTS

Player Name              G  A  P  +/- PIM S  H  SB GA TA FO     MP     PP MP  PK MP  
------------------------------------------------------------------------------------
Blake Wheeler            1  0  1   1  0   9  2  0  0  0  13/15  19:42   1:33   0:31 
Cale Makar               0  1  1   2  0   0  1  2  0  0  0/0    23:19   1:07   1:10 
Dan Hamhuis              0  0  0   0  0   0  0  0  0  0  0/0     0:11   0:00   0:11 
Gabriel Bourque          0  0  0   0  0   0  0  0  0  0  0/0     0:00   0:00   0:00 
Gaetan Haas              0  0  0   1  0   0  0  0  0  0  7/15   17:06   0:00   0:00 
Garnet Hathaway          0  0  0   0  0   0  0  0  0  0  0/0     0:00   0:00   0:00 
Jared Spurgeon           1  0  1   2  2   1  1  0  0  0  0/0    22:02   1:07   0:00 
Jordan Weal              1  1  2   1  0   3  0  0  0  0  0/0    18:14   1:07   0:01 
Justin Abdelkader        0  0  0   1  0   0  0  0  0  0  2/2    17:38   0:00   0:00 
Mario Ferraro            0  0  0   0  0   0  1  2  0  0  0/0    14:22   0:00   0:59 
Matthew Tkachuk          0  0  0   2  0   5  3  0  0  0  2/3    22:10   1:33   0:00 
Nick Foligno             0  2  2   2  0   3  3  0  0  0  2/4    20:38   1:07   1:28 
Patrick Kane             0  2  2   2  0   4  1  0  0  0  0/1    22:10   1:33   0:00 
Roman Polak              0  0  0   0  0   1  1  1  0  0  0/0    17:11   0:00   0:49 
Sebastian Aho            2  0  2   2  0   5  0  0  0  0  16/28  22:41   1:33   0:31 
Tyler Pitlick            0  0  0   1  0   0  6  1  0  0  0/1    17:06   0:00   0:00 
Valeri Nichushkin        0  2  2   1  0   5  1  0  0  0  0/0    20:12   1:07   1:27 
Victor Hedman            0  2  2   2  0   4  1  0  0  0  0/0    23:18   1:33   0:49 

Players Stats for UTAH ICE BEARS

Player Name              G  A  P  +/- PIM S  H  SB GA TA FO     MP     PP MP  PK MP  
------------------------------------------------------------------------------------
Adam Mascherin           0  0  0  -1  0   0  0  0  0  0  0/0    17:20   0:00   0:00 
Alex Galchenyuk          0  0  0   0  0   1  0  0  0  0  6/15   17:28   1:02   1:14 
Alexander Edler          0  0  0  -1  2   1  3  2  0  0  0/0    23:43   1:54   1:30 
Andrew Mangiapane        0  0  0  -1  0   1  0  0  0  0  2/4    21:03   0:57   0:00 
Artem Anisimov           0  0  0  -2  0   0  0  1  0  0  4/12   18:49   0:57   0:00 
Blake Lizotte            0  0  0  -1  0   0  1  3  0  0  8/20   18:34   0:00   1:14 
Conor Timmins            0  0  0  -3  0   0  2  0  0  0  0/0    20:23   0:05   0:52 
Kale Clague              0  0  0   0  0   0  2  0  0  0  0/0    15:35   0:00   0:00 
Kyle Okposo              0  0  0  -2  0   2  1  2  0  0  2/3    17:55   0:00   0:00 
MacKenzie Weegar         0  0  0   0  0   0  0  0  0  0  0/0     0:00   0:00   0:00 
Nathan Walker            0  0  0  -1  0   0  0  0  0  0  0/0     4:57   0:00   0:00 
Nicholas Paul            0  0  0  -2  0   4  3  1  0  0  1/2    18:49   0:57   0:00 
Radim Simek              0  0  0  -3  2   0  0  1  0  0  0/0    20:11   0:05   0:41 
Robert Lantosi           0  0  0  -1  0   0  0  0  0  0  0/0    17:20   0:00   0:00 
Ross Colton              0  0  0  -1  0   0  0  0  0  0  3/7     7:25   1:02   1:26 
T.J. Brodie              0  0  0  -1  0   0  2  0  0  0  0/0    22:02   0:57   0:45 
Troy Stecher             0  0  0   0  0   0  0  2  0  0  0/0    18:04   0:57   1:32 
Zachary Sanford          0  0  0   0  0   0  2  0  0  0  1/6    17:40   1:02   1:26 

3 Stars

1 - Sebastian Aho (SPO)
2 - Nick Foligno (SPO)
3 - Jordan Weal (SPO)

Power Play

SPOKANE KNIGHTS - 1 on 2 Attempt(s) - 50,00%
UTAH ICE BEARS - 0 on 1 Attempt(s) - 0,00%

Penalty Kill

SPOKANE KNIGHTS - 1 on 1 Attempt(s) - 100,00% - Score 0 goal in Penalty Kill
UTAH ICE BEARS - 1 on 2 Attempt(s) - 50,00% - Score 0 goal in Penalty Kill

Team Stat

SPOKANE KNIGHTS - Hits : 21 - Faceoff Wins : 42 - Blocked Shots : 6 - Penalty Minutes : 2
UTAH ICE BEARS - Hits : 16 - Faceoff Wins : 27 - Blocked Shots : 12 - Penalty Minutes : 4

Official

Referees : Chris Schlenker and Ryan Hersey
Linesman : Jesse Marquis and Brandon Gawryletz

Game Notes

No Game Note

Finance

Level 1 -- Attendance: 7448 (96,10%) -- Ticket Income 893 760 $
Level 2 -- Attendance: 5750 (100,00%) -- Ticket Income 465 750 $
Level 3 -- Attendance: 2500 (100,00%) -- Ticket Income 152 500 $
Level 4 -- Attendance: 5000 (100,00%) -- Ticket Income 205 000 $
Luxury Box -- Attendance: 1000 (100,00%) -- Ticket Income 231 000 $
Total Attendance: 21698 (98,63%)
Total Ticket Income: 1 948 010 $
Other Expense: 19 480 $
Total Income: 1 928 530 $

SPOKANE KNIGHTS

5 vs 5 Forward 
   Center                   Left Wing                Right Wing               Time % Phy DF OF 
 1 Sebastian Aho            Matthew Tkachuk          Patrick Kane             40     1   1  3  
 2 Blake Wheeler            Justin Abdelkader        Valeri Nichushkin        40     1   1  3  
 3 Gaetan Haas              Jordan Weal              Tyler Pitlick            15     1   3  1  
 4 Gaetan Haas              Jordan Weal              Tyler Pitlick            5      1   3  1  

5 vs 5 Defense 
   Defense                  Defense                                           Time % Phy DF OF 
 1 Victor Hedman            Jared Spurgeon                                    40     1   2  2  
 2 Cale Makar               Nick Foligno                                      35     1   2  2  
 3 Mario Ferraro            Roman Polak                                       15     1   2  2  
 4 Cale Makar               Roman Polak                                       10     1   2  2  

PowerPlay Forward 
   Center                   Left Wing                Right Wing               Time % Phy DF OF 
 1 Sebastian Aho            Matthew Tkachuk          Patrick Kane             60     1   1  3  
 2 Nick Foligno             Valeri Nichushkin        Jordan Weal              40     1   1  3  

PowerPlay Defense
   Defense                  Defense                                           Time % Phy DF OF 
 1 Victor Hedman            Blake Wheeler                                     60     0   1  4  
 2 Jared Spurgeon           Cale Makar                                        40     0   1  4  

Penalty Kill 4 Players Forward 
   Center                   Wing                     Time % Phy DF OF 
 1 Nick Foligno             Valeri Nichushkin        60     1   3  1  
 2 Sebastian Aho            Blake Wheeler            40     1   3  1  

Penalty Kill 4 Players Defense
   Defense                  Defense                  Time % Phy DF OF 
 1 Victor Hedman            Roman Polak              60     1   3  1  
 2 Cale Makar               Jared Spurgeon           40     1   3  1  

Penalty Kill - 3 Players Forward 
   Forward                                           Time % Phy DF OF 
 1 Sebastian Aho                                     60     0   5  0  
 2 Blake Wheeler                                     40     0   5  0  

Penalty Kill - 3 Players Defense
   Defense                  Defense                  Time % Phy DF OF 
 1 Valeri Nichushkin        Victor Hedman            60     0   5  0  
 2 Nick Foligno             Jared Spurgeon           40     0   5  0  

4 vs 4 Forward 
   Center                   Wing                     Time % Phy DF OF 
 1 Sebastian Aho            Patrick Kane             50     1   2  2  
 2 Blake Wheeler            Matthew Tkachuk          50     1   2  2  

4 vs 4 Defense
   Defense                  Defense                  Time % Phy DF OF 
 1 Jared Spurgeon           Victor Hedman            60     1   2  2  
 2 Cale Makar               Valeri Nichushkin        40     1   2  2  

Last Minutes Offensive
   Center                   Left Wing                Right Wing               Defense                  Defense                  
   Sebastian Aho            Matthew Tkachuk          Patrick Kane             Blake Wheeler            Victor Hedman            

Last Minutes Defensive
   Center                   Left Wing                Right Wing               Defense                  Defense                  
   Sebastian Aho            Valeri Nichushkin        Blake Wheeler            Nick Foligno             Victor Hedman            

Goaltenders
Starting : Frederik Andersen        
Backup : Mike Smith               

Extra Forwards
Normal : Jordan Weal, Garnet Hathaway, Gabriel Bourque - PP : Patrick Kane, Matthew Tkachuk - PK : Jordan Weal
Extra Defensemen
Normal : Mario Ferraro, Dan Hamhuis, Cale Makar - PP : Mario Ferraro - PK : Mario Ferraro, Cale Makar
Penalty Shots
Nick Foligno, Patrick Kane, Sebastian Aho, Blake Wheeler, Matthew Tkachuk
Custom OT Lines Forwards
Sebastian Aho, Blake Wheeler, Nick Foligno, Patrick Kane, Matthew Tkachuk, Valeri Nichushkin, Jordan Weal, Justin Abdelkader, Gaetan Haas, Garnet Hathaway
Custom OT Lines Defensemen
Victor Hedman, Jared Spurgeon, Cale Makar, Roman Polak, Mario Ferraro

Scratches
Patrice Bergeron (Right Ankle Injury)

UTAH ICE BEARS

5 vs 5 Forward 
   Center                   Left Wing                Right Wing               Time % Phy DF OF 
 1 Artem Anisimov           Nicholas Paul            Kyle Okposo              36     1   2  2  
 2 Alex Galchenyuk          Andrew Mangiapane        Zachary Sanford          31     1   2  2  
 3 Blake Lizotte            Adam Mascherin           Robert Lantosi           23     1   2  2  
 4 Ross Colton              Nathan Walker            Andrew Mangiapane        10     1   2  2  

5 vs 5 Defense 
   Defense                  Defense                                           Time % Phy DF OF 
 1 Alexander Edler          T.J. Brodie                                       36     1   2  2  
 2 Conor Timmins            Radim Simek                                       31     1   2  2  
 3 Troy Stecher             Kale Clague                                       23     1   2  2  
 4 Alexander Edler          T.J. Brodie                                       10     1   2  2  

PowerPlay Forward 
   Center                   Left Wing                Right Wing               Time % Phy DF OF 
 1 Blake Lizotte            Artem Anisimov           Nicholas Paul            55     1   2  2  
 2 Alex Galchenyuk          Ross Colton              Zachary Sanford          45     1   2  2  

PowerPlay Defense
   Defense                  Defense                                           Time % Phy DF OF 
 1 Alexander Edler          T.J. Brodie                                       55     1   2  2  
 2 Troy Stecher             Radim Simek                                       45     1   2  2  

Penalty Kill 4 Players Forward 
   Center                   Wing                     Time % Phy DF OF 
 1 Zachary Sanford          Ross Colton              55     1   2  2  
 2 Alex Galchenyuk          Blake Lizotte            45     1   2  2  

Penalty Kill 4 Players Defense
   Defense                  Defense                  Time % Phy DF OF 
 1 Alexander Edler          T.J. Brodie              55     1   2  2  
 2 Troy Stecher             Radim Simek              45     1   2  2  

Penalty Kill - 3 Players Forward 
   Forward                                           Time % Phy DF OF 
 1 Blake Lizotte                                     55     1   2  2  
 2 Zachary Sanford                                   45     1   2  2  

Penalty Kill - 3 Players Defense
   Defense                  Defense                  Time % Phy DF OF 
 1 Alexander Edler          T.J. Brodie              55     1   2  2  
 2 Conor Timmins            Radim Simek              45     1   2  2  

4 vs 4 Forward 
   Center                   Wing                     Time % Phy DF OF 
 1 Blake Lizotte            Kyle Okposo              55     1   2  2  
 2 Ross Colton              Zachary Sanford          45     1   2  2  

4 vs 4 Defense
   Defense                  Defense                  Time % Phy DF OF 
 1 Alexander Edler          T.J. Brodie              55     1   2  2  
 2 Troy Stecher             Radim Simek              45     1   2  2  

Last Minutes Offensive
   Center                   Left Wing                Right Wing               Defense                  Defense                  
   Artem Anisimov           Nicholas Paul            Kyle Okposo              Alexander Edler          T.J. Brodie              

Last Minutes Defensive
   Center                   Left Wing                Right Wing               Defense                  Defense                  
   Artem Anisimov           Nicholas Paul            Kyle Okposo              Alexander Edler          T.J. Brodie              

Goaltenders
Starting : Devan Dubnyk             
Backup : Thatcher Demko           

Extra Forwards
Normal : Zachary Sanford, Blake Lizotte, Ross Colton - PP : Zachary Sanford, Blake Lizotte - PK : Ross Colton
Extra Defensemen
Normal : Troy Stecher, T.J. Brodie, Alexander Edler - PP : Troy Stecher - PK : T.J. Brodie, Alexander Edler
Penalty Shots
Alex Galchenyuk, Artem Anisimov, Nicholas Paul, Blake Lizotte, Zachary Sanford
Custom OT Lines Forwards
Artem Anisimov, Nicholas Paul, Kyle Okposo, Andrew Mangiapane, Zachary Sanford, Alex Galchenyuk, Blake Lizotte, Ross Colton, Nathan Walker, Robert Lantosi
Custom OT Lines Defensemen
Alexander Edler, T.J. Brodie, Kale Clague, Radim Simek, Troy Stecher

Scratches
Jakub Lauko (Healthy), Erik Gudbranson (Back Surgery Injury), Valentin Zykov (Bruised Left Leg Injury), Vladimir Sobotka (Strained Left Knee Injury)

% Time on Ice - SPOKANE KNIGHTS

Lines # - Real PCT - Wanted PCT - Time Play
Normal Forward
1 - 37% - 40% - 20:37
2 - 32% - 40% - 17:38
3 - 20% - 15% - 11:02
4 - 11% - 5% - 6:04
Normal Defense
1 - 38% - 40% - 20:56
2 - 33% - 35% - 18:03
3 - 24% - 15% - 13:23
4 - 5% - 10% - 2:59
PP Forward
1 - 58% - 60% - 1:33
2 - 42% - 40% - 1:07
PP Defense
1 - 58% - 60% - 1:33
2 - 42% - 40% - 1:07
PK Forward
1 - 74% - 60% - 1:28
2 - 26% - 40% - 0:31
PK Defense
1 - 41% - 60% - 0:49
2 - 59% - 40% - 1:10
PK3 Forward
1 - 0% - 60%
2 - 0% - 40%
PK3 Defense
1 - 0% - 60%
2 - 0% - 40%
44 Forward
1 - 0% - 50%
2 - 0% - 50%
44 Defense
1 - 0% - 60%
2 - 0% - 40%
Last Minute Offensive  - 0:00
Last Minute Defensive  - 0:00
Total
Forward - 60:00
Defense - 60:00

% Time on Ice - UTAH ICE BEARS

Lines # - Real PCT - Wanted PCT - Time Play
Normal Forward
1 - 32% - 36% - 17:52
2 - 27% - 31% - 15:12
3 - 31% - 23% - 17:20
4 - 9% - 10% - 4:57
Normal Defense
1 - 31% - 36% - 17:10
2 - 35% - 31% - 19:26
3 - 28% - 23% - 15:35
4 - 6% - 10% - 3:10
PP Forward
1 - 48% - 55% - 0:57
2 - 52% - 45% - 1:02
PP Defense
1 - 48% - 55% - 0:57
2 - 52% - 45% - 1:02
PK Forward
1 - 54% - 55% - 1:26
2 - 46% - 45% - 1:14
PK Defense
1 - 10% - 55% - 0:16
2 - 90% - 45% - 2:24
PK3 Forward
1 - 0% - 55%
2 - 0% - 45%
PK3 Defense
1 - 0% - 55%
2 - 0% - 45%
44 Forward
1 - 0% - 55%
2 - 0% - 45%
44 Defense
1 - 0% - 55%
2 - 0% - 45%
Last Minute Offensive  - 0:00
Last Minute Defensive  - 0:00
Total
Forward - 60:00
Defense - 60:00

Play-by-Play

1st period


0:01 of 1st period - Sebastian Aho wins face-off versus Artem Anisimov in neutral zone.
0:26 of 1st period - Shot by Patrick Kane.
0:26 of 1st period - Shot Blocked by Alexander Edler.
0:38 of 1st period - Shot by Patrick Kane.
0:38 of 1st period - Shot Hit the Post.
0:40 of 1st period - Shot by Sebastian Aho.
0:40 of 1st period - Shot Blocked by Artem Anisimov.
0:42 of 1st period - Shot by Sebastian Aho.
0:42 of 1st period - Stopped by Devan Dubnyk without a rebound.
0:43 of 1st period - Blake Wheeler wins face-off versus Alex Galchenyuk in UTAH ICE BEARS zone.
0:44 of 1st period - Shot by Nick Foligno.
0:44 of 1st period - Shot Misses the Net.
0:57 of 1st period - Shot by Valeri Nichushkin.
0:57 of 1st period - Deflect By Blake Wheeler.
0:57 of 1st period - Shot Misses the Net.
2:00 of 1st period - Shot by Jordan Weal.
2:00 of 1st period - Stopped by Devan Dubnyk with a rebound.
3:28 of 1st period - Off-side.
3:29 of 1st period - Artem Anisimov wins face-off versus Blake Wheeler in neutral zone.
3:29 of 1st period - Alexander Edler is hit by Blake Wheeler and loses puck.
4:30 of 1st period - Icing by Mario Ferraro.
4:31 of 1st period - Gaetan Haas wins face-off versus Andrew Mangiapane in SPOKANE KNIGHTS zone.
4:38 of 1st period - Shot by Tyler Pitlick.
4:38 of 1st period - Shot Misses the Net.
4:44 of 1st period - Shot by Andrew Mangiapane.
4:44 of 1st period - Stopped by Frederik Andersen with a rebound.
4:46 of 1st period - Shot by Nathan Walker.
4:46 of 1st period - Shot Misses the Net.
5:24 of 1st period - Off-side.
5:25 of 1st period - Alex Galchenyuk wins face-off versus Patrick Kane in neutral zone.
6:06 of 1st period - Shot by Kyle Okposo.
6:06 of 1st period - Shot Blocked by Cale Makar.
6:08 of 1st period - Shot by Kyle Okposo.
6:08 of 1st period - Stopped by Frederik Andersen without a rebound.
6:09 of 1st period - Blake Wheeler wins face-off versus Blake Lizotte in SPOKANE KNIGHTS zone.
6:17 of 1st period - Icing by Victor Hedman.
6:18 of 1st period - Blake Wheeler wins face-off versus Artem Anisimov in SPOKANE KNIGHTS zone.
6:35 of 1st period - Shot by Valeri Nichushkin.
6:35 of 1st period - Deflect By Blake Wheeler.
6:35 of 1st period - Stopped by Devan Dubnyk without a rebound.
6:36 of 1st period - Gaetan Haas wins face-off versus Blake Lizotte in UTAH ICE BEARS zone.
7:54 of 1st period - Off-side.
7:55 of 1st period - Sebastian Aho wins face-off versus Andrew Mangiapane in neutral zone.
8:00 of 1st period - Shot by Sebastian Aho.
8:00 of 1st period - Shot Misses the Net.
8:02 of 1st period - Shot by Matthew Tkachuk.
8:02 of 1st period - Stopped by Devan Dubnyk without a rebound.
8:03 of 1st period - Justin Abdelkader wins face-off versus Ross Colton in UTAH ICE BEARS zone.
8:03 of 1st period - Justin Abdelkader is hit by Kale Clague.
8:05 of 1st period - Shot by Blake Wheeler.
8:05 of 1st period - Shot Misses the Net.
8:41 of 1st period - Icing by Kale Clague.
8:42 of 1st period - Sebastian Aho wins face-off versus Ross Colton in UTAH ICE BEARS zone.
8:49 of 1st period - Shot by Matthew Tkachuk.
8:49 of 1st period - Stopped by Devan Dubnyk without a rebound.
8:50 of 1st period - Sebastian Aho wins face-off versus Artem Anisimov in UTAH ICE BEARS zone.
8:51 of 1st period - Shot by Patrick Kane.
8:51 of 1st period - Shot Misses the Net.
8:56 of 1st period - Off-side.
8:57 of 1st period - Artem Anisimov wins face-off versus Sebastian Aho in neutral zone.
9:07 of 1st period - Icing by Jared Spurgeon.
9:08 of 1st period - Sebastian Aho wins face-off versus Blake Lizotte in SPOKANE KNIGHTS zone.
9:59 of 1st period - Blake Lizotte is hit by Patrick Kane.
10:00 of 1st period - Icing by Blake Lizotte.
10:01 of 1st period - Blake Wheeler wins face-off versus Blake Lizotte in UTAH ICE BEARS zone.
10:06 of 1st period - Shot by Blake Wheeler.
10:06 of 1st period - Shot Misses the Net.
10:08 of 1st period - Shot by Nick Foligno.
10:08 of 1st period - Stopped by Devan Dubnyk with a rebound.
10:10 of 1st period - Shot by Blake Wheeler.
10:10 of 1st period - Shot Misses the Net.
10:22 of 1st period - Shot by Blake Wheeler.
10:22 of 1st period - Stopped by Devan Dubnyk without a rebound.
10:23 of 1st period - Alex Galchenyuk wins face-off versus Gaetan Haas in UTAH ICE BEARS zone.
10:25 of 1st period - Icing by Zachary Sanford.
10:26 of 1st period - Gaetan Haas wins face-off versus Zachary Sanford in UTAH ICE BEARS zone.
10:26 of 1st period - Nick Foligno is hit by T.J. Brodie and loses puck.
10:46 of 1st period - Icing by Nick Foligno.
10:47 of 1st period - Artem Anisimov wins face-off versus Gaetan Haas in SPOKANE KNIGHTS zone.
10:50 of 1st period - Shot by Kyle Okposo.
10:50 of 1st period - Shot Misses the Net.
11:26 of 1st period - Shot by Blake Wheeler.
11:26 of 1st period - Shot Blocked by Troy Stecher.
11:28 of 1st period - Shot by Valeri Nichushkin.
11:28 of 1st period - Shot Blocked by Troy Stecher.
11:30 of 1st period - Shot by Blake Wheeler.
11:30 of 1st period - Shot Misses the Net.
11:50 of 1st period - Shot by Blake Wheeler.
11:50 of 1st period - Shot Blocked by Kyle Okposo.
11:52 of 1st period - Shot by Victor Hedman.
11:52 of 1st period - Deflect By Blake Wheeler.
11:52 of 1st period - Shot Misses the Net.
11:54 of 1st period - Shot by Jared Spurgeon.
11:54 of 1st period - Shot Misses the Net.
11:56 of 1st period - Shot by Jared Spurgeon.
11:56 of 1st period - Shot Misses the Net.
12:00 of 1st period - Shot by Valeri Nichushkin.
12:00 of 1st period - Stopped by Devan Dubnyk without a rebound.
12:01 of 1st period - Sebastian Aho wins face-off versus Alex Galchenyuk in UTAH ICE BEARS zone.
12:12 of 1st period - Shot by Matthew Tkachuk.
12:12 of 1st period - Stopped by Devan Dubnyk with a rebound.
12:14 of 1st period - Shot by Roman Polak.
12:14 of 1st period - Stopped by Devan Dubnyk without a rebound.
12:15 of 1st period - Blake Lizotte wins face-off versus Sebastian Aho in UTAH ICE BEARS zone.
13:58 of 1st period - Icing by Jared Spurgeon.
13:59 of 1st period - Gaetan Haas wins face-off versus Alex Galchenyuk in SPOKANE KNIGHTS zone.
14:36 of 1st period - Shot by Blake Wheeler.
14:36 of 1st period - Shot Misses the Net.
15:01 of 1st period - Icing by Cale Makar.
15:02 of 1st period - Sebastian Aho wins face-off versus Kyle Okposo in SPOKANE KNIGHTS zone.
15:31 of 1st period - Artem Anisimov is hit by Matthew Tkachuk.
15:58 of 1st period - Icing by Alexander Edler.
15:59 of 1st period - Ross Colton wins face-off versus Tyler Pitlick in UTAH ICE BEARS zone.
15:59 of 1st period - Ross Colton is hit by Tyler Pitlick.
17:59 of 1st period - Icing by Nick Foligno.
18:00 of 1st period - Matthew Tkachuk wins face-off versus Blake Lizotte in SPOKANE KNIGHTS zone.
18:00 of 1st period - Matthew Tkachuk is hit by Blake Lizotte.
18:05 of 1st period - Patrick Kane is hit by Kale Clague and loses puck.
19:54 of 1st period - Valeri Nichushkin is hit by Nicholas Paul and loses puck.
Goals for this period are 0 for SPOKANE KNIGHTS vs 0 for UTAH ICE BEARS.
Shots for this period are 10 for SPOKANE KNIGHTS vs 2 for UTAH ICE BEARS.

2nd period


0:01 of 2nd period - Blake Wheeler wins face-off versus Alex Galchenyuk in neutral zone.
0:16 of 2nd period - Zachary Sanford is hit by Cale Makar and loses puck.
0:32 of 2nd period - Zachary Sanford is hit by Roman Polak.
1:18 of 2nd period - Shot by Patrick Kane.
1:18 of 2nd period - Stopped by Devan Dubnyk without a rebound.
1:19 of 2nd period - Gaetan Haas wins face-off versus Blake Lizotte in UTAH ICE BEARS zone.
2:10 of 2nd period - Off-side.
2:11 of 2nd period - Alex Galchenyuk wins face-off versus Sebastian Aho in neutral zone.
2:46 of 2nd period - Icing by Zachary Sanford.
2:47 of 2nd period - Blake Wheeler wins face-off versus Alex Galchenyuk in UTAH ICE BEARS zone.
2:55 of 2nd period - Off-side.
2:56 of 2nd period - Blake Wheeler wins face-off versus Artem Anisimov in neutral zone.
2:56 of 2nd period - Victor Hedman is hit by Nicholas Paul and loses puck.
3:04 of 2nd period - Minor Penalty to Radim Simek for Interference.
3:05 of 2nd period - Sebastian Aho wins face-off versus Zachary Sanford in UTAH ICE BEARS zone.
4:32 of 2nd period - Shot by Valeri Nichushkin.
4:32 of 2nd period - Shot Misses the Net.
4:34 of 2nd period - Shot by Jared Spurgeon.
4:34 of 2nd period - Shot Blocked by Blake Lizotte.
5:00 of 2nd period - Shot by Blake Wheeler.
5:00 of 2nd period - Stopped by Devan Dubnyk without a rebound.
5:01 of 2nd period - Sebastian Aho wins face-off versus Zachary Sanford in UTAH ICE BEARS zone.
5:04 of 2nd period - Shot by Sebastian Aho.
5:04 of 2nd period - Deflect By Tyler Pitlick.
5:04 of 2nd period - Shot Misses the Net.
5:28 of 2nd period - Shot by Nicholas Paul.
5:28 of 2nd period - Shot Misses the Net.
5:30 of 2nd period - Shot by Nicholas Paul.
5:30 of 2nd period - Stopped by Frederik Andersen with a rebound.
5:33 of 2nd period - Artem Anisimov is hit by Mario Ferraro and loses puck.
5:53 of 2nd period - Icing by Radim Simek.
5:54 of 2nd period - Ross Colton wins face-off versus Sebastian Aho in UTAH ICE BEARS zone.
6:26 of 2nd period - Sebastian Aho is hit by Conor Timmins.
6:36 of 2nd period - Shot by Patrick Kane.
6:36 of 2nd period - Stopped by Devan Dubnyk without a rebound.
6:37 of 2nd period - Justin Abdelkader wins face-off versus Nicholas Paul in UTAH ICE BEARS zone.
6:37 of 2nd period - Justin Abdelkader is hit by T.J. Brodie.
7:10 of 2nd period - Shot by Nick Foligno.
7:10 of 2nd period - Stopped by Devan Dubnyk with a rebound.
7:32 of 2nd period - Sebastian Aho is hit by Kyle Okposo and loses puck.
7:42 of 2nd period - Minor Penalty to Alexander Edler for Interference.
7:43 of 2nd period - Sebastian Aho wins face-off versus Zachary Sanford in UTAH ICE BEARS zone.
7:46 of 2nd period - Shot by Victor Hedman.
7:46 of 2nd period - Stopped by Devan Dubnyk without a rebound.
7:47 of 2nd period - Sebastian Aho wins face-off versus Zachary Sanford in UTAH ICE BEARS zone.
8:04 of 2nd period - Shot by Victor Hedman.
8:04 of 2nd period - Stopped by Devan Dubnyk without a rebound.
8:05 of 2nd period - Zachary Sanford wins face-off versus Nick Foligno in UTAH ICE BEARS zone.
8:21 of 2nd period - Shot by Valeri Nichushkin.
8:21 of 2nd period - Deflect By Nick Foligno.
8:21 of 2nd period - Stopped by Devan Dubnyk with a rebound.
8:23 of 2nd period - Shot by Jordan Weal.
8:23 of 2nd period - Goal by Jordan Weal - SPOKANE KNIGHTS : 1 - UTAH ICE BEARS : 0.
8:24 of 2nd period - Blake Lizotte wins face-off versus Sebastian Aho in neutral zone.
8:24 of 2nd period - Alexander Edler is hit by Matthew Tkachuk and loses puck.
8:37 of 2nd period - Shot by Patrick Kane.
8:37 of 2nd period - Stopped by Devan Dubnyk without a rebound.
8:38 of 2nd period - Blake Wheeler wins face-off versus Ross Colton in UTAH ICE BEARS zone.
8:49 of 2nd period - Shot by Blake Wheeler.
8:49 of 2nd period - Goal by Blake Wheeler - SPOKANE KNIGHTS : 2 - UTAH ICE BEARS : 0.
8:50 of 2nd period - Sebastian Aho wins face-off versus Artem Anisimov in neutral zone.
10:20 of 2nd period - Shot by Blake Wheeler.
10:20 of 2nd period - Stopped by Devan Dubnyk with a rebound.
10:22 of 2nd period - Shot by Jared Spurgeon.
10:22 of 2nd period - Shot Misses the Net.
10:56 of 2nd period - Shot by Jordan Weal.
10:56 of 2nd period - Stopped by Devan Dubnyk with a rebound.
11:01 of 2nd period - Off-side.
11:02 of 2nd period - Blake Lizotte wins face-off versus Matthew Tkachuk in neutral zone.
11:16 of 2nd period - Shot by Matthew Tkachuk.
11:16 of 2nd period - Shot Misses the Net.
11:24 of 2nd period - Shot by Patrick Kane.
11:24 of 2nd period - Shot Blocked by Alexander Edler.
11:26 of 2nd period - Shot by Matthew Tkachuk.
11:26 of 2nd period - Stopped by Devan Dubnyk without a rebound.
11:27 of 2nd period - Gaetan Haas wins face-off versus Artem Anisimov in UTAH ICE BEARS zone.
12:12 of 2nd period - Troy Stecher is hit by Tyler Pitlick and loses puck.
12:41 of 2nd period - Icing by Blake Lizotte.
12:42 of 2nd period - Sebastian Aho wins face-off versus Blake Lizotte in UTAH ICE BEARS zone.
13:52 of 2nd period - Shot by Valeri Nichushkin.
13:52 of 2nd period - Stopped by Devan Dubnyk with a rebound.
13:54 of 2nd period - Shot by Valeri Nichushkin.
13:54 of 2nd period - Stopped by Devan Dubnyk with a rebound.
14:32 of 2nd period - Roman Polak is hit by Zachary Sanford and loses puck.
15:24 of 2nd period - Shot by Nicholas Paul.
15:24 of 2nd period - Stopped by Frederik Andersen without a rebound.
15:25 of 2nd period - Blake Lizotte wins face-off versus Sebastian Aho in SPOKANE KNIGHTS zone.
15:40 of 2nd period - Patrick Kane is hit by Alexander Edler and loses puck.
15:43 of 2nd period - Shot by Patrick Kane.
15:43 of 2nd period - Shot Misses the Net.
16:04 of 2nd period - Cale Makar is hit by Alexander Edler and loses puck.
16:40 of 2nd period - Troy Stecher is hit by Valeri Nichushkin and loses puck.
16:57 of 2nd period - Shot by Valeri Nichushkin.
16:57 of 2nd period - Deflect By Blake Wheeler.
16:57 of 2nd period - Stopped by Devan Dubnyk without a rebound.
16:58 of 2nd period - Ross Colton wins face-off versus Gaetan Haas in UTAH ICE BEARS zone.
17:21 of 2nd period - Shot by Andrew Mangiapane.
17:21 of 2nd period - Shot Blocked by Mario Ferraro.
17:23 of 2nd period - Shot by Alexander Edler.
17:23 of 2nd period - Shot Blocked by Roman Polak.
17:41 of 2nd period - Shot by Blake Lizotte.
17:41 of 2nd period - Shot Misses the Net.
17:43 of 2nd period - Shot by Radim Simek.
17:43 of 2nd period - Shot Misses the Net.
17:45 of 2nd period - Shot by Blake Lizotte.
17:45 of 2nd period - Shot Blocked by Mario Ferraro.
18:19 of 2nd period - Nicholas Paul is hit by Tyler Pitlick and loses puck.
18:32 of 2nd period - Shot by Kyle Okposo.
18:32 of 2nd period - Stopped by Frederik Andersen with a rebound.
18:42 of 2nd period - Shot by Kyle Okposo.
18:42 of 2nd period - Shot Misses the Net.
19:28 of 2nd period - Shot by Blake Wheeler.
19:28 of 2nd period - Shot Misses the Net.
19:53 of 2nd period - Off-side.
19:54 of 2nd period - Matthew Tkachuk wins face-off versus Blake Lizotte in neutral zone.
Goals for this period are 2 for SPOKANE KNIGHTS vs 0 for UTAH ICE BEARS.
Shots for this period are 16 for SPOKANE KNIGHTS vs 3 for UTAH ICE BEARS.

3rd period


0:01 of 3rd period - Blake Wheeler wins face-off versus Alex Galchenyuk in neutral zone.
0:45 of 3rd period - Icing by Jared Spurgeon.
0:46 of 3rd period - Kyle Okposo wins face-off versus Blake Wheeler in SPOKANE KNIGHTS zone.
1:23 of 3rd period - Shot by Patrick Kane.
1:23 of 3rd period - Shot Misses the Net.
1:25 of 3rd period - Shot by Cale Makar.
1:25 of 3rd period - Shot Blocked by Radim Simek.
1:47 of 3rd period - Shot by Patrick Kane.
1:47 of 3rd period - Shot Blocked by Kyle Okposo.
1:49 of 3rd period - Shot by Sebastian Aho.
1:49 of 3rd period - Goal by Sebastian Aho - SPOKANE KNIGHTS : 3 - UTAH ICE BEARS : 0.
1:50 of 3rd period - Blake Lizotte wins face-off versus Gaetan Haas in neutral zone.
2:37 of 3rd period - Shot by Blake Wheeler.
2:37 of 3rd period - Deflect By Valeri Nichushkin.
2:37 of 3rd period - Stopped by Devan Dubnyk with a rebound.
2:39 of 3rd period - Shot by Victor Hedman.
2:39 of 3rd period - Stopped by Devan Dubnyk without a rebound.
2:40 of 3rd period - Alex Galchenyuk wins face-off versus Sebastian Aho in UTAH ICE BEARS zone.
2:45 of 3rd period - Andrew Mangiapane is hit by Matthew Tkachuk and loses puck.
2:53 of 3rd period - Troy Stecher is hit by Jared Spurgeon and loses puck.
2:58 of 3rd period - Shot by Alex Galchenyuk.
2:58 of 3rd period - Stopped by Frederik Andersen with a rebound.
3:14 of 3rd period - Icing by Sebastian Aho.
3:15 of 3rd period - Artem Anisimov wins face-off versus Sebastian Aho in SPOKANE KNIGHTS zone.
3:15 of 3rd period - Nicholas Paul is hit by Victor Hedman.
3:39 of 3rd period - Shot by Patrick Kane.
3:39 of 3rd period - Stopped by Devan Dubnyk without a rebound.
3:40 of 3rd period - Blake Wheeler wins face-off versus Blake Lizotte in UTAH ICE BEARS zone.
4:00 of 3rd period - Shot by Blake Wheeler.
4:00 of 3rd period - Stopped by Devan Dubnyk without a rebound.
4:01 of 3rd period - Alex Galchenyuk wins face-off versus Gaetan Haas in UTAH ICE BEARS zone.
4:55 of 3rd period - Icing by Nick Foligno.
4:56 of 3rd period - Blake Wheeler wins face-off versus Artem Anisimov in SPOKANE KNIGHTS zone.
4:58 of 3rd period - Nick Foligno is hit by Nicholas Paul and loses puck.
5:08 of 3rd period - Nicholas Paul is hit by Nick Foligno.
5:30 of 3rd period - Shot by Nicholas Paul.
5:30 of 3rd period - Stopped by Frederik Andersen without a rebound.
5:31 of 3rd period - Sebastian Aho wins face-off versus Blake Lizotte in SPOKANE KNIGHTS zone.
5:38 of 3rd period - Shot by Sebastian Aho.
5:38 of 3rd period - Stopped by Devan Dubnyk with a rebound.
5:40 of 3rd period - Shot by Victor Hedman.
5:40 of 3rd period - Stopped by Devan Dubnyk with a rebound.
5:42 of 3rd period - Shot by Sebastian Aho.
5:42 of 3rd period - Stopped by Devan Dubnyk with a rebound.
6:15 of 3rd period - Icing by Radim Simek.
6:16 of 3rd period - Blake Lizotte wins face-off versus Gaetan Haas in UTAH ICE BEARS zone.
6:16 of 3rd period - Blake Lizotte is hit by Tyler Pitlick.
6:19 of 3rd period - Robert Lantosi is hit by Tyler Pitlick.
6:53 of 3rd period - Shot by Tyler Pitlick.
6:53 of 3rd period - Shot Blocked by Blake Lizotte.
7:19 of 3rd period - Shot by Blake Wheeler.
7:19 of 3rd period - Shot Misses the Net.
8:18 of 3rd period - Off-side.
8:19 of 3rd period - Gaetan Haas wins face-off versus Artem Anisimov in neutral zone.
9:20 of 3rd period - Minor Penalty to Jared Spurgeon for Hooking.
9:21 of 3rd period - Nick Foligno wins face-off versus Alex Galchenyuk in SPOKANE KNIGHTS zone.
9:35 of 3rd period - Shot by Zachary Sanford.
9:35 of 3rd period - Shot Blocked by Cale Makar.
9:37 of 3rd period - Shot by Alexander Edler.
9:37 of 3rd period - Stopped by Frederik Andersen without a rebound.
9:38 of 3rd period - Nick Foligno wins face-off versus Alex Galchenyuk in SPOKANE KNIGHTS zone.
10:25 of 3rd period - Icing by Alexander Edler.
10:26 of 3rd period - Andrew Mangiapane wins face-off versus Sebastian Aho in UTAH ICE BEARS zone.
10:26 of 3rd period - Nicholas Paul is hit by Blake Wheeler and loses puck.
10:32 of 3rd period - Icing by Alexander Edler.
10:33 of 3rd period - Andrew Mangiapane wins face-off versus Nick Foligno in UTAH ICE BEARS zone.
11:21 of 3rd period - Icing by Ross Colton.
11:22 of 3rd period - Blake Lizotte wins face-off versus Gaetan Haas in UTAH ICE BEARS zone.
11:22 of 3rd period - Blake Lizotte is hit by Tyler Pitlick.
11:36 of 3rd period - Shot by Victor Hedman.
11:36 of 3rd period - Shot Misses the Net.
11:38 of 3rd period - Shot by Jared Spurgeon.
11:38 of 3rd period - Goal by Jared Spurgeon - SPOKANE KNIGHTS : 4 - UTAH ICE BEARS : 0.
11:39 of 3rd period - Sebastian Aho wins face-off versus Alex Galchenyuk in neutral zone.
11:48 of 3rd period - Shot by Matthew Tkachuk.
11:48 of 3rd period - Stopped by Devan Dubnyk without a rebound.
11:49 of 3rd period - Blake Lizotte wins face-off versus Sebastian Aho in UTAH ICE BEARS zone.
11:57 of 3rd period - Troy Stecher is hit by Nick Foligno and loses puck.
12:49 of 3rd period - Sebastian Aho is hit by Zachary Sanford and loses puck.
13:02 of 3rd period - Shot by Andrew Mangiapane.
13:02 of 3rd period - Shot Misses the Net.
13:20 of 3rd period - Blake Wheeler is hit by Conor Timmins and loses puck.
14:17 of 3rd period - Shot by Artem Anisimov.
14:17 of 3rd period - Shot Blocked by Tyler Pitlick.
14:36 of 3rd period - Jordan Weal is hit by Alexander Edler and loses puck.
16:07 of 3rd period - Icing by Mario Ferraro.
16:08 of 3rd period - Kyle Okposo wins face-off versus Gaetan Haas in SPOKANE KNIGHTS zone.
16:11 of 3rd period - Shot by Nicholas Paul.
16:11 of 3rd period - Stopped by Frederik Andersen without a rebound.
16:12 of 3rd period - Nicholas Paul wins face-off versus Sebastian Aho in SPOKANE KNIGHTS zone.
16:21 of 3rd period - Shot by Patrick Kane.
16:21 of 3rd period - Shot Blocked by Nicholas Paul.
16:23 of 3rd period - Shot by Sebastian Aho.
16:23 of 3rd period - Goal by Sebastian Aho - SPOKANE KNIGHTS : 5 - UTAH ICE BEARS : 0.
16:24 of 3rd period - Sebastian Aho wins face-off versus Ross Colton in neutral zone.
17:49 of 3rd period - Nicholas Paul is hit by Nick Foligno and loses puck.
18:12 of 3rd period - Shot by Blake Wheeler.
18:12 of 3rd period - Stopped by Devan Dubnyk without a rebound.
18:13 of 3rd period - Blake Wheeler wins face-off versus Blake Lizotte in UTAH ICE BEARS zone.
18:21 of 3rd period - Shot by Valeri Nichushkin.
18:21 of 3rd period - Shot Misses the Net.
18:23 of 3rd period - Shot by Blake Wheeler.
18:23 of 3rd period - Shot Misses the Net.
18:25 of 3rd period - Shot by Valeri Nichushkin.
18:25 of 3rd period - Shot Misses the Net.
18:27 of 3rd period - Shot by Valeri Nichushkin.
18:27 of 3rd period - Stopped by Devan Dubnyk without a rebound.
18:28 of 3rd period - Alex Galchenyuk wins face-off versus Sebastian Aho in UTAH ICE BEARS zone.
18:59 of 3rd period - Off-side.
19:00 of 3rd period - Blake Wheeler wins face-off versus Blake Lizotte in neutral zone.
19:04 of 3rd period - Shot by Blake Wheeler.
19:04 of 3rd period - Stopped by Devan Dubnyk with a rebound.
19:06 of 3rd period - Shot by Nick Foligno.
19:06 of 3rd period - Shot Misses the Net.
19:10 of 3rd period - Shot by Valeri Nichushkin.
19:10 of 3rd period - Shot Blocked by Blake Lizotte.
Goals for this period are 3 for SPOKANE KNIGHTS vs 0 for UTAH ICE BEARS.
Shots for this period are 14 for SPOKANE KNIGHTS vs 4 for UTAH ICE BEARS.


EAST COAST

HOCKEY LEAGUE